 Dungeon Crawl Stone Soup version 0.30.1-9-gdf580d7c3d (webtiles) character file.

Game seed: 6566586907788120208

669 Koog the Chopper (level 7, -7/52 HPs)
             Began as a Demonspawn Gladiator on Oct 10, 2023.
             Mangled by an ogre
             ... wielding a +0 giant club
              (24 damage)
             ... on level 4 of the Dungeon.
             The game lasted 00:29:28 (4452 turns).

Koog the Chopper (Demonspawn Gladiator)             Turns: 4452, Time: 00:29:28

Health: -7/52      AC: 11    Str: 14    XL:     7   Next: 32%
Magic:  7/7        EV: 15    Int:  9    God:
Gold:   190        SH:  0    Dex: 17    Spells: 6/6 levels left

rFire   . . .        n - +3 quarterstaff (freeze)
rCold   . . .        (shield currently unavailable)
rNeg    . . .        k - +0 scale mail
rPois   .            (helmet restricted)
rElec   .            o - +0 cloak
rCorr   .            q - +2 pair of gloves
SInv    .            (no boots)
Will    .....        h - amulet of magic regeneration Stlth
                     (no ring)
HPRegen 0.28/turn    (no ring)
MPRegen 0.50/turn

%: no passive effects
@: agile
A: antennae 1, powered by pain 1
a: no special abilities


You were on level 4 of the Dungeon.
You visited 1 branch of the dungeon, and saw 4 of its levels.

You collected 190 gold pieces.

Inventory:

Hand Weapons
 a - a +0 war axe
 m - a +2 heavy flail
 n - a +3 quarterstaff of freezing (weapon)
 p - a +0 hammer
 u - a +0 scythe
Missiles
 d - 3 throwing nets (quivered)
 e - a javelin
 f - 8 poisoned darts
 g - 3 large rocks
Armour
 b - a +0 leather armour
 c - a +0 helmet
 j - a +0 kite shield
 k - a +0 scale mail (worn)
 o - a +0 cloak (worn)
 q - a +2 pair of gloves (worn)
 t - a +0 pair of gloves
 v - a +2 robe of willpower
Jewellery
 h - an amulet of magic regeneration (around neck)
Scrolls
 r - 2 scrolls of vulnerability
Potions
 i - a potion of degeneration
 l - a potion of curing
 s - a potion of heal wounds
 w - a potion of haste
 x - a potion of attraction


   Skills:
 + Level 3.4 Fighting
 + Level 4.2 Axes
 + Level 3.6 Staves
 + Level 1.9 Throwing
 + Level 3.0 Armour
 + Level 3.5 Dodging
 + Level 0.6 Stealth
 + Level 1.1 Shields


You had 6 spell levels left.
You didn't know any spells.
Your spell library contained the following spells:

 Spells                   Type           Power      Damage    Failure   Level
 Static Discharge         Conj/Air       0%         2-2/arc   94%         2
 Stone Arrow              Conj/Erth      0%         3d7       99%         3
 Airstrike                Air            0%         2d(0-16)  100%        4
 Animate Armour           Summ/Erth      0%         N/A       100%        4
 Summon Lightning Spire   Summ/Air       0%         N/A       100%        4
 Lehudib's Crystal Spear  Conj/Erth      0%         10d2      100%        8


Dungeon Overview and Level Annotations

Branches:
Dungeon (4/15)
 Temple: D:4-7

Altars:

Shops:
D:2 [


Innate Abilities, Weirdness & Mutations

You have a pair of small antennae on your head.
You sometimes gain a little power by taking damage.


Message History

An ogre comes into view. It is wielding a +0 giant club.
An orc comes into view. It is wielding a +0 hand axe.
Found 17 gold pieces.
The hound closely misses you.
The hound bites you but does no damage. x2
The hound bites you but does no damage. The hound closely misses you.
The hound bites you but does no damage.
You closely miss the hound. The hound bites you but does no damage.
You sock the hound! You freeze the hound.
The hound is severely wounded.
The hound bites you but does no damage. x2
You hit the hound. You freeze the hound.
The hound is almost dead.
The hound barely misses you. The orc hits you but does no damage.
The hound closely misses you.
You sock the hound! You freeze the hound.
You kill the hound!
The ogre hits you with a +0 giant club!!
The orc hits you but does no damage.
You closely miss the orc. The orc closely misses you.
The ogre barely misses you.
You closely miss the orc. The orc hits you but does no damage.
The ogre closely misses you. The orc misses you.
You hit the orc. You freeze the orc.
The orc is heavily wounded.
The orc barely misses you.
You hit the orc. You freeze the orc.
The orc is almost dead.
The ogre barely misses you. The orc closely misses you.
You hit the orc. You freeze the orc.
You kill the orc!
The ogre hits you with a +0 giant club!!
* * * LOW HITPOINT WARNING * * *
You focus on the pain.
You feel agile all of a sudden.
You feel better. The ogre closely misses you.
You hit the ogre. You freeze the ogre.
The ogre is moderately wounded.
The ogre hits you with a +0 giant club!!
You die...

#.. .........## ##..
.....$.....# #...
...........## #...
............# ##..#
............## ##..##
........)....# ##..##
..!..........## ##..##
.......O@.....# #...#
.......)......####..##
........†.......#..##
..................##
...............#..#
#...........####..#
###.....##### ##.#
####### #.##
#######.## ##


You could see an ogre.

Vanquished Creatures
  Grinder (D:3)
  Sigmund (D:3)
  2 hounds (D:4)
  Crazy Yiuf (D:3)
  Jessica (D:2)
  An orc wizard (D:4)
  Robin (D:3)
  4 gnolls (D:4)
  2 worms
  2 dart slugs
  6 orcs
  7 ball pythons
  6 endoplasms
  3 giant cockroaches
  11 goblins
  10 hobgoblins
  2 jackals (D:3)
  5 quokkas
  4 bats
  3 frilled lizards
  8 kobolds
  5 rats
86 creatures vanquished.

Notes
Turn   | Place    | Note
-------+----------+-------------------------------------------
     0 | D:1      | Koog the Demonspawn Gladiator began the quest for the Orb.
     0 | D:1      | Reached XP level 1. HP: 16/16 MP: 1/1
   290 | D:1      | Gained mutation: You sometimes gain a little power by
                  | taking damage. [demonic ancestry]
   290 | D:1      | Reached XP level 2. HP: 20/22 MP: 2/2
   291 | D:1      | Reached skill level 3 in Axes
   683 | D:1      | Reached XP level 3. HP: 27/27 MP: 3/3
   811 | D:2      | Found Okkall's Antique Armour Shop.
   837 | D:2      | Noticed Jessica
   839 | D:2      | Killed Jessica
  1085 | D:2      | Reached XP level 4. HP: 23/33 MP: 4/4
  1167 | D:2      | You fall into a shaft and drop 2 floors!
  1242 | D:3      | Found a runed translucent door.
  1243 | D:3      | Noticed Crazy Yiuf
  1249 | D:3      | Killed Crazy Yiuf
  1437 | D:3      | Reached skill level 4 in Axes
  1471 | D:3      | Reached skill level 1 in Armour
  1551 | D:3      | Noticed Grinder
  1561 | D:3      | Paralysed by Grinder for 3 turns
  1569 | D:3      | Paralysed by Grinder for 5 turns
  1576 | D:3      | Killed Grinder
  1577 | D:3      | Reached skill level 1 in Shields
  1577 | D:3      | Reached XP level 5. HP: 31/40 MP: 5/5
  1577 | D:3      | Reached XP level 6. HP: 36/46 MP: 6/6
  1734 | D:3      | Noticed Robin
  1742 | D:3      | Killed Robin
  2051 | D:3      | Noticed Sigmund
  2064 | D:3      | Killed Sigmund
  2065 | D:3      | Gained mutation: You have a pair of small antennae on your
                  | head. [demonic ancestry]
  2065 | D:3      | Reached XP level 7. HP: 38/52 MP: 7/7
  4452 | D:4      | Mangled by an ogre

Illustrated notes

Levels and vault maps discovered:
D:1:      nagdon_arrival_zigzag_paths, layout_basic, minmay_pentomino_x2
D:2:      minmay_roachtagon, layout_loops_ring, serial_shops, shop, uniq_jessica
D:3:      layout_loops_ring, serial_aquarium, aquarium_bridge_square
          [aquarium_subvault_wall, aquarium_subvault_bridge,
          aquarium_subvault_window, aquarium_subvault_bridge],
          aquarium_window_corridor_1, aquarium_window_1, aquarium_view_2d,
          aquarium_pool_2, uniq_sigmund, uniq_robin, uniq_grinder,
          uniq_crazy_yiuf_cottage
D:4:      layout_cave_pods

Skill      XL: |  1  2  3  4  5  6  7 |
---------------+----------------------+-----
Axes           | 3 4 |  4.2
Dodging        | 3 |  3.5
Armour         | 2 3 |  3.0
Staves         | 2 3 |  3.6
Shields        | 1 |  1.1
Fighting       | 3 |  3.4
Throwing       | |  1.9
Stealth        | |  0.6

Action                     |  1- 3 |  4- 6 |  7- 9 || total
---------------------------+-------+-------+-------++-------
  Melee: War axe           |    98 |    13 |       ||   111
         Quarterstaff      |       |    73 |    47 ||   120
    Use: Scroll            |     4 |     3 |     3 ||    10
         Potion            |     2 |     1 |     4 ||     7
 Armour: Leather armour    |     8 |       |       ||     8
         Scale mail        |    40 |    78 |    55 ||   173
  Dodge: Dodged            |    45 |    77 |    42 ||   164
  Block: Kite shield       |    47 |     2 |       ||    49
